 Dungeon Crawl Stone Soup version 0.14-a0-1330-g3eed206 (webtiles) character file.

406 M4edhros the Charlatan (level 6, 0/43 HPs)
             Began as an Octopode Artificer on Dec 7, 2013.
             Was an Initiate of Okawaru.
             Killed from afar by a hobgoblin (8 damage)
             ... with a wand of fire
             ... on Level 4 of the Dungeon.
             The game lasted 00:06:38 (3473 turns).

M4edhros the Charlatan (Octopode Artificer)         Turns: 3473, Time: 00:06:39

HP   0/43        AC  1     Str 11      XL: 6   Next: 35%
MP  11/11        EV 12     Int 16      God: Okawaru [......]
Gold 109         SH  0     Dex 12      Spells:  0 memorised,  5 levels left

rFire  . . .     SeeInvis .     p - +3,+2 quarterstaff (chaos)
rCold  . . .     Clarity  .     (no shield)
rNeg   . . .     Conserve .     (helmet restricted)
rPois  .         rCorr    .     a - amulet of inaccuracy {unknown}
rElec  .         rRot     .     (no ring)
SustAb . .       Spirit   .     (no ring)
rMut   .         Warding  .     (no ring)
Saprov . . .     Stasis   .     (no ring)
                                (no ring)
                                (no ring)
                                (no ring)
                                (no ring)

@: slightly resistant to hostile enchantments, stealthy
A: almost no armour, amphibious, 8 rings, constrict 8, camouflage 1, gelatinous
body 1
a: Renounce Religion


You were on level 4 of the Dungeon.
You worshipped Okawaru.
Okawaru was noncommittal.
You were near starving.

You visited 1 branch of the dungeon, and saw 4 of its levels.

You collected 109 gold pieces.

Inventory:

Hand weapons
 i - a +0,+0 elven short sword
 p - a +3,+2 quarterstaff of chaos (weapon)
Magical devices
 b - a wand of flame (12)
 c - a wand of enslavement (14)
 d - a wand of random effects (10)
 e - a wand of magic darts (11) {unknown}
Comestibles
 f - 2 bread rations
 g - a choko
 h - a meat ration
 j - a rambutan
 k - an apple
 r - a royal jelly
 v - 2 lemons
Scrolls
 l - a scroll of random uselessness {unknown}
Jewellery
 a - an amulet of inaccuracy (around mantle) {unknown}
Potions
 m - a potion of heal wounds
 o - 5 potions of curing
 s - a potion of agility


   Skills:
 * Level 3.8 Fighting
 - Level 1.0 Short Blades
 + Level 2.5 Staves
 - Level 2.0 Dodging
 - Level 1.3 Stealth
 - Level 5.8 Evocations


You had 5 spell levels left.
You didn't know any spells.

Dungeon Overview and Level Annotations

Branches:
Dungeon (4/16)             Temple (0/1) D:4

Altars:
Kikubaaqudgha
Makhleb
Nemelex Xobeh
Okawaru
Sif Muna
Yredelemnul
the Shining One

Annotations:
D:2 Sigmund


Innate Abilities, Weirdness & Mutations

You cannot wear most types of armour.
You are amphibious.
You can wear up to eight rings at the same time.
You can use your tentacles to constrict many enemies at once.
Your skin changes colour to match your surroundings (Stlth).
Your rubbery body absorbs attacks (AC +1).


Message History

You see here an orcish dagger.
You are near starving!
A hobgoblin comes into view. It is wielding an orcish club.
The hobgoblin zaps a wand.
The bolt of fire hits you!
Ouch! That really hurt!
* * * LOW HITPOINT WARNING * * *
A hobgoblin is nearby!
A hobgoblin is nearby!
A hobgoblin is nearby!
You are too injured to fight recklessly!
You are too injured to fight recklessly!
You are too injured to fight recklessly!
You are too injured to fight recklessly!
Evoke which item? (* to show all) (? for menu, Esc to quit)
Zapping:
b - a wand of flame (13)
Press: ? - help, Shift-Dir - straight line, f - hobgoblin
Aim: a hobgoblin, wielding an orcish club and carrying a wand of fire {zapped: 1} The puff of flame misses the hobgoblin.
This wand has 12 charges left.
The hobgoblin zaps a wand.
The bolt of fire hits you!
You die...

######### ###........
#.@..>.....#
###.#........#
#.g.#........# ######
#.###........# .....# #.#
#........# ####.# #.#
#.)......# #..#.# #.#
#........#
...#.########.###........#
....................######


You could see a hobgoblin.

Vanquished Creatures
  An orc wizard (D:3)
  Crazy Yiuf (D:2)
  A scorpion (D:4)
  2 worker ants (D:3)
  Ijyb (D:2)
  Terence (D:3)
  An inept feature mimic (D:3)
  3 adders
  2 giant geckos
  An ooze (D:3)
  13 orcs
  A ball python (D:4)
  4 giant cockroaches
  10 hobgoblins
  12 kobolds
  3 quokkas
  6 bats
  4 giant newts
  12 goblins
  4 jackals (D:4)
  A kobold skeleton (D:4)
  7 rats
91 creatures vanquished.

Vanquished Creatures (collateral kills)
  An adder skeleton (D:2)
1 creature vanquished.

Vanquished Creatures (others)
  A human (D:2)
1 creature vanquished.

Grand Total: 93 creatures vanquished

Notes
Turn   | Place    | Note
--------------------------------------------------------------
     0 | D:1      | M4edhros, the Octopode Artificer, began the quest for the Orb.
     0 | D:1      | Reached XP level 1. HP: 13/13 MP: 1/1
   196 | D:1      | Reached skill level 4 in Evocations
   196 | D:1      | Reached XP level 2. HP: 12/18 MP: 3/3
   546 | D:2      | Noticed Crazy Yiuf
   550 | D:2      | Killed Crazy Yiuf
   550 | D:2      | Reached skill level 5 in Evocations
   550 | D:2      | Reached XP level 3. HP: 23/23 MP: 5/5
   647 | D:2      | Noticed Ijyb
   651 | D:2      | Killed Ijyb
   651 | D:2      | Reached XP level 4. HP: 20/28 MP: 7/7
   660 | D:2      | Found a deep blue altar of Sif Muna.
   660 | D:2      | Found a burning altar of Makhleb.
   661 | D:2      | Found a glowing golden altar of the Shining One.
   794 | D:2      | Found an iron altar of Okawaru.
   794 | D:2      | Found a basalt altar of Yredelemnul.
   871 | D:2      | Became a worshipper of Warmaster Okawaru
  1071 | D:2      | Noticed Sigmund
  1363 | D:3      | Reached skill level 1 in Staves
  1410 | D:3      | Reached XP level 5. HP: 32/34 MP: 9/9
  1519 | D:3      | Found a sparkling altar of Nemelex Xobeh.
  1784 | D:3      | Noticed Terence
  1796 | D:3      | Killed Terence
  1894 | D:3      | Paralysed by a potion of paralysis for 2 turns
  2539 | D:2      | Yermak: Hi there
  2641 | D:2      | M4edhros: Hi there
  2755 | D:2      | Found an ancient bone altar of Kikubaaqudgha.
  2759 | D:2      | Noticed a human
  2762 | D:2      | Killed a human
  2800 | D:3      | Yermak: Have I seen you with Jiyva?
  2820 | D:4      | Reached XP level 6. HP: 37/42 MP: 11/11
  2880 | D:4      | M4edhros: last time i tried to win with jiyva was long ago, but from time to time i pick it
  3005 | D:4      | Found a staircase to the Ecumenical Temple.
  3091 | D:4      | Found a glowing golden altar of the Shining One.
  3091 | D:4      | Noticed an angel
  3171 | D:4      | Noticed a phantom
  3473 | D:4      | Killed from afar by a hobgoblin

Action                   |  1- 3 |  4- 6 || total
-------------------------+-------+-------++-------
Melee: Short sword       |    31 |       ||    31
       Quarterstaff      |     7 |   122 ||   129
Evoke: Wand              |     1 |     8 ||     9
  Use: Potion            |     3 |     4 ||     7
       Scroll            |       |     7 ||     7
 Stab: Paralysed         |     1 |     3 ||     4
       Sleeping          |       |    10 ||    10
